 Dungeon Crawl Stone Soup version 0.28.0-49-g6dfe1f597d (webtiles) character file.

Game seed: 11957364167546354542

217 issech the Vexing (level 5, -11/41 HPs)
             Began as a Gnoll Arcane Marksman on May 19, 2022.
             Mangled by a hobgoblin
             ... wielding a +0 scythe
              (12 damage)
             ... on level 5 of the Dungeon.
             The game lasted 00:09:23 (2592 turns).

issech the Vexing (Gnoll Arcane Marksman)           Turns: 2592, Time: 00:09:24

Health: -11/41     AC:  7    Str:  9    XL:     5   Next: 94%
Magic:  9/9        EV:  9    Int: 13    God:
Gold:   96         SH:  0    Dex: 14    Spells: 9/10 levels left

rFire   . . .      SeeInvis .   e - +0 short sword
rCold   . . .      Faith    .   (no shield)
rNeg    . . .      Spirit   .   g - +0 scale mail
rPois   .          Reflect  .   (no helmet)
rElec   .          Harm     .   (no cloak)
rCorr   .          Rampage  .   s - +0 pair of gloves
Will    .....                   (no boots)
Stlth   +.........              u - amulet of regeneration
HPRegen 0.93/turn               (no ring)
MPRegen 0.11/turn               (no ring)

@: no status effects
A: fangs 1, strong nose, distributed training
a: no special abilities


You were on level 5 of the Dungeon.
You visited 1 branch of the dungeon, and saw 7 of its levels.

You collected 96 gold pieces.

Inventory:

Hand Weapons
 a - a +0 hand crossbow
 e - a +0 short sword (weapon)
 h - a +0 dagger
 j - a +0 spear
 o - a +0 flail
 p - a +0 club
 t - a +0 hunting sling
 y - a +0 flail
 z - a +0 hand axe
Missiles
 b - 27 stones
 c - 8 bolts
 i - 19 arrows
 r - 45 sling bullets
Armour
 d - a +0 robe
 g - a +0 scale mail (worn)
 n - a +0 ring mail
 s - a +0 pair of gloves (worn)
Jewellery
 u - an amulet of regeneration (around neck)
Scrolls
 l - a scroll of immolation {unknown}
 m - a scroll of vulnerability {unknown}
 q - a scroll of holy word {unknown}
 v - a scroll of identify {unknown}
 w - a scroll of teleportation {unknown}
 x - a scroll of blinking {unknown}
Potions
 f - a potion of degeneration {unknown}
 k - a potion of curing {unknown}


   Skills:
 + Level 3.1 Fighting
 + Level 1.7 Short Blades
 + Level 1.7 Long Blades
 + Level 1.7 Axes
 + Level 1.7 Maces & Flails
 + Level 1.7 Polearms
 + Level 1.7 Staves
 + Level 1.7 Slings
 + Level 1.7 Bows
 + Level 4.9 Crossbows
 + Level 1.7 Throwing
 + Level 1.7 Armour
 + Level 4.9 Dodging
 + Level 1.7 Stealth
 + Level 1.7 Shields
 + Level 1.7 Unarmed Combat
 + Level 3.3 Spellcasting
 + Level 1.3 Conjurations
 + Level 5.6 Hexes
 + Level 1.3 Summonings
 + Level 1.3 Necromancy
 + Level 1.3 Translocations
 + Level 1.3 Transmutations
 + Level 1.3 Fire Magic
 + Level 1.3 Ice Magic
 + Level 1.3 Air Magic
 + Level 1.3 Earth Magic
 + Level 1.3 Poison Magic
 + Level 1.9 Invocations
 + Level 1.7 Evocations


You had 9 spell levels left.
You knew the following spells:

 Your Spells              Type           Power      Damage    Failure   Level
a - Slow                  Hex            64%        N/A       17%         1

Your spell library contained the following spells:

 Spells                   Type           Power      Damage    Failure   Level
 Inner Flame              Hex/Fire       11%        N/A       77%         3
 Portal Projectile        Hex/Tloc       22%        N/A       77%         3
 Static Discharge         Conj/Air       5%         N/A       83%         2
 Cause Fear               Hex            8%         N/A       86%         4
 Fulminant Prism          Conj/Hex       5%         3d7       99%         4
 Dispel Undead            Necr           5%         3d7       100%        4
 Iskenderun's Mystic Bla  Conj/Tloc      5%         2d3       100%        4
 Sticky Flame             Conj/Fire      5%         2d3       100%        4
 Lee's Rapid Deconstruct  Erth           2%         3d6*      100%        5


Dungeon Overview and Level Annotations

Branches:
Dungeon (7/15)
 Temple: D:4-7

Altars:

Shops:
D:2 :


Innate Abilities, Weirdness & Mutations

You have very sharp teeth.
Your uncanny sense of smell can sniff out nearby items.
Your experience applies equally to all skills.


Message History

The hobgoblin barely misses you.
You barely miss the hobgoblin.
The hobgoblin is heavily wounded.
The hobgoblin closely misses you.
The hobgoblin hits you with a +0 scythe.
You closely miss the hobgoblin. Your bite misses the hobgoblin.
The hobgoblin is heavily wounded.
The hobgoblin hits you but does no damage. x2
You hit the hobgoblin.
The hobgoblin is severely wounded.
The hobgoblin barely misses you. The hobgoblin closely misses you.
You barely miss the hobgoblin.
The hobgoblin is severely wounded.
The hobgoblin hits you but does no damage.
The hobgoblin hits you with a +0 scythe.
You hit the hobgoblin but do no damage.
The hobgoblin is severely wounded.
The hobgoblin hits you from afar with a +0 scythe!
The hobgoblin hits you with a +0 scythe.
You hit the hobgoblin.
The hobgoblin is almost dead.
The hobgoblin closely misses you. x2
The hobgoblin hits you but does no damage.
You hit the hobgoblin but do no damage.
The hobgoblin is almost dead.
The hobgoblin closely misses you.
The hobgoblin hits you but does no damage.
The hobgoblin hits you with a +0 scythe.
* * * LOW HITPOINT WARNING * * *
You hit the hobgoblin but do no damage.
The hobgoblin is almost dead.
The hobgoblin hits you from afar with a +0 scythe.
* * * LOW HITPOINT WARNING * * *
The hobgoblin completely misses you.
The hobgoblin hits you with a +0 scythe.
* * * LOW HITPOINT WARNING * * *
The hobgoblin hits you from afar with a +0 scythe!
* * * LOW HITPOINT WARNING * * *
The hobgoblin hits you from afar with a +0 scythe!
You die...

#######..##
#.# #.# ∆
#...# #.#
#.# #.#.#
#.#
#.#.###.#
#....##.#
#....##.#
#....## #
#.....# ...
#...@.#
....
#.....#
....
#.ggg.#
....
#.....#
....
#.###.. ...
'... ... ..
.##. ...# .
. #. .#.#
.#.#


You could see 3 hobgoblins.

Vanquished Creatures
  A howler monkey (D:5)
  A jelly (D:5)
  A centaur skeleton (D:5)
  An iguana (D:5)
  3 adders
  2 worms (D:2)
  4 dart slugs
  2 orcs (D:5)
  4 endoplasms (D:1)
  2 giant cockroaches (D:1)
  5 goblins
  3 hobgoblins
  4 jackals (D:1)
  3 quokkas
  3 ball pythons
  5 bats
  2 frilled lizards
  4 kobolds
  7 rats
57 creatures vanquished.

Notes
Turn   | Place    | Note
-------+----------+-------------------------------------------
     0 | D:1      | issech the Gnoll Arcane Marksman began the quest for the
                  | Orb.
     0 | D:1      | Reached XP level 1. HP: 17/17 MP: 4/4
    80 | D:1      | Reached XP level 2. HP: 23/23 MP: 5/5
   495 | D:1      | Reached XP level 3. HP: 28/28 MP: 7/7
  1058 | D:2      | Reached skill level 1 in Invocations
  1347 | D:2      | Found Iraekaq's Book Emporium.
  1350 | D:2      | Reached skill level 1 in Short Blades
  1350 | D:2      | Reached skill level 1 in Long Blades
  1350 | D:2      | Reached skill level 1 in Axes
  1350 | D:2      | Reached skill level 1 in Maces & Flails
  1350 | D:2      | Reached skill level 1 in Polearms
  1350 | D:2      | Reached skill level 1 in Staves
  1350 | D:2      | Reached skill level 1 in Slings
  1350 | D:2      | Reached skill level 1 in Bows
  1350 | D:2      | Reached skill level 1 in Throwing
  1350 | D:2      | Reached skill level 1 in Armour
  1350 | D:2      | Reached skill level 1 in Stealth
  1350 | D:2      | Reached skill level 1 in Shields
  1350 | D:2      | Reached skill level 1 in Unarmed Combat
  1350 | D:2      | Reached skill level 1 in Evocations
  1583 | D:2      | Reached XP level 4. HP: 34/34 MP: 8/8
  2304 | D:3      | Found a transporter.
  2304 | D:3      | You fall into a shaft and drop 3 floors!
  2304 | D:6      | Noticed a boulder beetle
  2331 | D:5      | Entered Level 5 of the Dungeon
  2414 | D:5      | Reached skill level 1 in Conjurations
  2414 | D:5      | Reached skill level 1 in Summonings
  2414 | D:5      | Reached skill level 1 in Necromancy
  2414 | D:5      | Reached skill level 1 in Translocations
  2414 | D:5      | Reached skill level 1 in Transmutations
  2414 | D:5      | Reached skill level 1 in Fire Magic
  2414 | D:5      | Reached skill level 1 in Ice Magic
  2414 | D:5      | Reached skill level 1 in Air Magic
  2414 | D:5      | Reached skill level 1 in Earth Magic
  2414 | D:5      | Reached skill level 1 in Poison Magic
  2437 | D:5      | Reached XP level 5. HP: 27/40 MP: 9/9
  2515 | D:5      | Noticed an ogre
  2592 | D:5      | HP: 1/41 [hobgoblin/+0 scythe (7)]
  2592 | D:5      | Mangled by a hobgoblin

Illustrated notes

Levels and vault maps discovered:
D:1:      tarquinn_simple_flora_water_f, layout_rooms, minmay_tetromino_l4
D:2:      layout_basic, serial_shops, nicolae_shop_hallway_plus
D:3:      layout_loops_ring, lemuel_round_altar,
          dreamdust_ecumenical_altar_sealed_demon,
          gammafunk_ghost_abyssal_escape, serial_shops,
          nicolae_shop_behind_doors, shop
D:4:      minmay_chambers_of_threes, layout_basic, mainiacjoe_overflow_alcove_4,
          zin_scriptorium, elyvilon_altar_5, uniq_crazy_yiuf_cottage
D:5:      layout_basic, fedhas_altar_4, nicolae_hepliaklqana_monster_ancestors,
          mainiacjoe_overflow_small_starburst, gup_sewer_entry_glass,
          sigmund_army
D:6:      layout_basic
D:7:      layout_rooms, minmay_temple_entry_junction_2, uniq_maggie

Skill      XL: |  1  2  3  4  5 |
---------------+----------------+-----
Invocations    | 1 |  1.9
Short Blades   | 1 |  1.7
Long Blades    | 1 |  1.7
Axes           | 1 |  1.7
Maces & Flails | 1 |  1.7
Polearms       | 1 |  1.7
Staves         | 1 |  1.7
Slings         | 1 |  1.7
Bows           | 1 |  1.7
Throwing       | 1 |  1.7
Armour         | 1 |  1.7
Stealth        | 1 |  1.7
Shields        | 1 |  1.7
Unarmed Combat | 1 |  1.7
Evocations     | 1 |  1.7
Spellcasting   | 3 |  3.3
Conjurations   | 1 |  1.3
Summonings     | 1 |  1.3
Necromancy     | 1 |  1.3
Translocations | 1 |  1.3
Transmutations | 1 |  1.3
Fire Magic     | 1 |  1.3
Ice Magic      | 1 |  1.3
Air Magic      | 1 |  1.3
Earth Magic    | 1 |  1.3
Poison Magic   | 1 |  1.3
Fighting       | 3 |  3.1
Crossbows      | |  4.9
Dodging        | |  4.9
Hexes          | |  5.6

Action                   |  1- 3 |  4- 6 || total
-------------------------+-------+-------++-------
Melee: Short sword       |    58 |   152 ||   210
       Bite              |     9 |    19 ||    28
       Punch             |       |     4 ||     4
 Fire: Hand crossbow     |    68 |       ||    68
Throw: Stone             |     2 |     9 ||    11
 Cast: Slow              |       |     3 ||     3
Armor: Robe              |     4 |       ||     4
       Scale mail        |    24 |    73 ||    97
Dodge: Dodged            |    54 |    75 ||   129
